 Dungeon Crawl Stone Soup version 0.30-a0-760-g5a9884bb7c (webtiles) character file.

Game seed: 8416004757730272926

100 tilp the Shield-Bearer (level 5, -2/46 HPs)
             Began as a Meteoran Fighter on Feb 10, 2023.
             Slain by a goblin
             ... wielding a +0 club
              (4 damage)
             ... on level 4 of the Dungeon.
             The game lasted 00:02:01 (466 turns).

tilp the Shield-Bearer (Meteoran Fighter)            Turns: 466, Time: 00:02:02

Health: -2/46      AC:  7    Str: 17    XL:     5   Next: 24%
Magic:  6/6        EV: 10    Int:  9    God:
Gold:   121        SH:  5    Dex: 16    Spells: 4/4 levels left

rFire   . . .      SeeInvis .    a - +0 long sword
rCold   . . .      Faith    .    c - +0 buckler
rNeg    . . .      Spirit   .    b - +0 scale mail
rPois   .          Reflect  .    (no helmet)
rElec   .          Harm     .    (no cloak)
rCorr   .          Rampage  .    (no gloves)
Will    .....                    (no boots) Stlth
                                 (no amulet)
HPRegen 0.27/turn                (no ring)
MPRegen 0.10/turn                (no ring)

@: glowing
A: sense surroundings 1, otherworldly, glowing, explore regen
a: no special abilities


You were on level 4 of the Dungeon.
You visited 1 branch of the dungeon, and saw 4 of its levels.

You collected 121 gold pieces.

Inventory:

Hand Weapons
 a - a +0 long sword (weapon)
Missiles
 f - 23 stones (quivered)
Armour
 b - a +0 scale mail (worn)
 c - a +0 buckler (worn)
 e - a +0 tower shield
Jewellery
 i - the ring "Xapirr" {Fire rN+ Dex+3}
   (You found it on level 3 of the Dungeon)

   [ring of fire]

   It enhances your fire magic.
   Dex:       It affects your dexterity (+3).
   rF:        It protects you from fire.
   rC:        It makes you vulnerable to cold.
   rN:        It protects you from negative energy.
Potions
 d - 2 potions of might
 g - a potion of resistance
 h - a potion of heal wounds
 l - a potion of flight {unknown}


   Skills:
 + Level 3.7 Fighting
 * Level 3.5 Long Blades
 - Level 4.0 Armour
 * Level 2.5 Dodging
 + Level 0.9 Stealth
 - Level 4.0 Shields


You had 4 spell levels left.
You didn't know any spells.
Your spell library was empty.

Dungeon Overview and Level Annotations

Branches:
Dungeon (4/15) Zot: 1899
 Temple: D:4-7

Altars:


Innate Abilities, Weirdness & Mutations

You passively map a small area around you.
You are easily found by Zot.
You glow in the dark.
You regain HP and MP as you explore.


Message History

Throw: 26 stones
Press: ? - help, Q - select action Shift-Dir - straight line, f/p - ogre
Aim: an ogre, wielding a +0 giant spiked club (75% to hit)
You throw a stone.
The stone hits the ogre but does no damage.
Unknown command.
Throw: 25 stones
Press: ? - help, Q - select action Shift-Dir - straight line, f/p - ogre
Aim: an ogre, wielding a +0 giant spiked club (75% to hit)
You throw a stone. The stone closely misses the ogre.
A goblin comes into view. It is wielding a +0 club.
Unknown command.
Throw: 24 stones
Press: ? - help, Q - select action Shift-Dir - straight line, f/p - ogre
Aim: an ogre, wielding a +0 giant spiked club (75% to hit)
You throw a stone.
The stone hits the ogre but does no damage.
Unknown command.
You slash the ogre!
The ogre is moderately wounded.
The ogre barely misses you.
You slash the ogre!
The ogre is heavily wounded.
The ogre hits you with a +0 giant spiked club!!
You barely miss the ogre.
The ogre is heavily wounded.
You block the ogre's attack.
You slash the ogre!
The ogre is severely wounded.
You feel a little less mighty now. The ogre barely misses you.
You hit the ogre.
The ogre is almost dead.
The goblin hits you with a +0 club.
You closely miss the ogre.
The ogre is almost dead.
The ogre hits you with a +0 giant spiked club!!
* * * LOW HITPOINT WARNING * * *
The goblin hits you with a +0 club.
You die...

, , * * ... ,
.. , ** ,,, *
..# , * . *
..# , #.. *
#..# *,
#.^.#*##... *
,, ,
......#..# *
, .......@.#
, .....$gO.#,
* ...........
*
...........#*
,
......#.##>..
..####..#
.##. ! #.# #
. , ..# , *
,, ** ,


You could see an ogre and a goblin.

Vanquished Creatures
  An iguana (D:3)
  A gnoll (D:1)
  An adder (D:2)
  4 worms (D:2)
  2 dart slugs
  An orc (D:3)
  5 endoplasms
  3 giant cockroaches
  3 goblins
  3 hobgoblins
  3 kobolds
  4 ball pythons
  3 bats
  4 rats
38 creatures vanquished.

Vanquished Creatures (others)
  A plant (D:1)
1 creature vanquished.

Grand Total: 39 creatures vanquished

Notes
Turn   | Place    | Note
-------+----------+-------------------------------------------
     0 | D:1      | tilp the Meteoran Fighter began the quest for the Orb.
     0 | D:1      | Reached XP level 1. HP: 19/19 MP: 2/2
    36 | D:1      | Reached XP level 2. HP: 23/26 MP: 3/3
    54 | D:1      | Reached skill level 1 in Dodging
    84 | D:1      | Reached XP level 3. HP: 26/31 MP: 4/4
   300 | D:2      | Reached XP level 4. HP: 38/38 MP: 5/5
   302 | D:2      | Found a faded altar of an unknown god.
   412 | D:3      | Reached XP level 5. HP: 17/46 MP: 6/6
   423 | D:3      | Identified the ring "Xapirr" {Fire rN+ Dex+3}
   456 | D:4      | Noticed an ogre
   466 | D:4      | HP: 2/46 [ogre/+0 giant spiked club (22)]
   466 | D:4      | Slain by a goblin

Illustrated notes

Levels and vault maps discovered:
D:1:      spicycebolla_arrival_clurvy, layout_basic, dreamdust_wishing_well
D:2:      layout_rooms, ebering_ecumenical_altar_ruins, basic_altar
D:3:      layout_basic, minmay_checkerbox
D:4:      layout_layer_cave

Skill      XL: |  1  2  3  4 |
---------------+-------------+-----
Dodging        | 1 2 |  2.5
Long Blades    | 3 |  3.5
Armour         | 4 |  4.0
Shields        | 4 |  4.0
Fighting       | |  3.7
Stealth        | |  0.9

Action                     |  1- 3 |  4- 6 || total
---------------------------+-------+-------++-------
  Melee: Long sword        |    76 |    39 ||   115
  Throw: Stone             |       |     4 ||     4
    Use: Scroll            |       |     5 ||     5
         Potion            |       |     1 ||     1
 Armour: Scale mail        |    34 |    20 ||    54
  Dodge: Dodged            |    29 |    21 ||    50
  Block: Buckler           |    23 |     8 ||    31

Table legend: (Time is in decaauts)
 A = Elapsed time spent in this place.
 B = Non-inter-level travel time spent in this place.
 C = Inter-level travel time spent in this place.
 D = Time resting spent in this place.
 E = Time spent auto-exploring this place.
 F = Levels seen in this place.
 G = Mean time per level.
                   A        B        C        D        E       F      G
               +--------+--------+--------+--------+--------+-----+--------+
         Total |    499 |    477 |     22 |      0 |      0 |   4 |  124.8 |
       Dungeon |    499 |    477 |     22 |      0 |      0 |   4 |  124.8 |
               +--------+--------+--------+--------+--------+-----+--------+

Top non-repeatable levels by time:
     D:1: 293 daAuts
     D:2: 116 daAuts
     D:3: 77 daAuts
     D:4: 11 daAuts
